 Dungeon Crawl Stone Soup version 0.20.0-6-gd3061e9 (webtiles) character file.

886 Inarius the Stinger (level 7, -6/51 HPs)
             Began as a Purple Draconian Venom Mage on May 28, 2017.
             Shot with an arrow by a centaur (16 damage)
             ... on level 5 of the Dungeon.
             The game lasted 00:17:29 (5269 turns).

Inarius the Stinger (Purple Draconian Venom Mage)   Turns: 5269, Time: 00:17:29

Health: -6/51      AC:  6    Str: 10    XL:     7   Next: 77%
Magic:  12/23      EV: 13    Int: 22    God:
Gold:   359        SH:  0    Dex: 11    Spells: 0/15 levels left

rFire    . . .     SeeInvis .   B - staff of conjuration
rCold    . . .     Gourm    .   (no shield)
rNeg     . . .     Faith    +   (armour unavailable)
rPois    .         Spirit   .   (helmet restricted)
rElec    .         Reflect  .   (no cloak)
rCorr    .         Harm     .   (no gloves)
MR       +....                  (no boots)
Stlth    ++........             e - amulet of faith
Regen    0.2/turn               v - ring of magical power
MPRegen  0.2/turn               s - +4 ring of intelligence

@: short of breath
A: breathe power, unfitting armour, cold-blooded, AC +6
a: Breathe Dispelling Energy


You were on level 5 of the Dungeon.
You were very hungry.

You visited 1 branch of the dungeon, and saw 5 of its levels.

You collected 359 gold pieces.

Inventory:

Hand Weapons
 p - a +3 short sword
Magical Staves
 B - an uncursed staff of conjuration (weapon)
Jewellery
 e - an amulet of faith (around neck)
 l - an uncursed ring of ice
 s - a +4 ring of intelligence (right hand)
 v - a ring of magical power (left hand)
Scrolls
 c - a scroll of immolation {unknown}
 f - a scroll of fear {unknown}
 g - 2 scrolls of noise {unknown}
 m - 2 scrolls of teleportation {unknown}
 n - 3 scrolls of recharging {unknown}
 r - 3 scrolls of remove curse {unknown}
 w - a scroll of magic mapping
 x - 2 scrolls of enchant armour {unknown}
 y - a scroll of amnesia {unknown}
 z - a scroll of fog {unknown}
Potions
 d - a potion of mutation {unknown}
 i - a potion of might
 j - 2 potions of haste
 k - 2 potions of brilliance
 o - 2 potions of lignification
 q - 3 potions of resistance
 t - 4 potions of curing
 A - a potion of flight
Books
 a - a Young Poisoner's Handbook

   Spells                             Type                      Level
   a - Sting                          Conjuration/Poison           1
   b - Poisonous Vapours              Poison/Air                   2
   c - Mephitic Cloud                 Conjuration/Poison/Air       3
   d - Olgreb's Toxic Radiance        Poison                       4
   e - Venom Bolt                     Conjuration/Poison           5
Comestibles
 b - 4 bread rations
 h - 5 fruits
 u - a royal jelly


   Skills:
 + Level 0.9 Fighting
 + Level 2.9 Dodging
 - Level 1.8 Stealth
 + Level 4.9 Spellcasting
 * Level 3.4 Conjurations
 * Level 3.3 Air Magic
 + Level 6.1 Poison Magic


You couldn't memorise any spells.
You knew the following spells:

 Your Spells              Type           Power        Failure   Level  Hunger
a - Sting                 Conj/Pois      ####         1%          1    None
b - Poisonous Vapours     Pois/Air       ####..       2%          2    None
c - Olgreb's Toxic Radia  Pois           ####....     8%          4    ####...
d - Venom Bolt            Conj/Pois      #####.....   36%         5    #####..
e - Mephitic Cloud        Conj/Pois/Air  #####...     5%          3    ##.....


Dungeon Overview and Level Annotations

Branches:
Dungeon (5/15)
 Temple: D:4-7

Altars:
Elyvilon
The Shining One


Innate Abilities, Weirdness & Mutations

You can breathe bolts of dispelling energy.
Your rich purple scales are hard. (AC +6)
You cannot fit into any form of body armour.
You are cold-blooded and may be slowed by cold attacks.


Message History

Poisonous vapours surround the centaur!
The centaur looks as sick as possible!
The centaur shoots an arrow.
The arrow hits you.
Press: ? - help, Shift-Dir - straight line, f/p - centaur
Aim: a centaur, wielding a shortbow (lightly wounded, poisoned)
You breathe a bolt of dispelling energy.
The bolt of dispelling energy hits the centaur.
The centaur is heavily wounded.
You are feeling very hungry.
The centaur shoots an arrow.
The arrow closely misses you.
Casting: Poisonous Vapours
Confirm with . or Enter, or press ? or * to list all spells.
Aiming: Poisonous Vapours
Press: ? - help, Dir - move target cursor, f/p - centaur
Aim: a centaur, wielding a shortbow (heavily wounded, poisoned) Poisonous vapours surround the centaur!
The centaur looks as sick as possible!
The centaur shoots an arrow.
The arrow hits you!
* * * LOW HITPOINT WARNING * * *
The centaur is engulfed in poison gas.
The centaur looks as sick as possible!
The centaur shoots an arrow.
The arrow hits you!
You die...

............#
#...........##
.............###
#.#........)...#
............#.##
#...........#.#
............#.##
#...........#..######
............##..@...#
#..)........##.##(#c#
.)#........###.......c...
####...........####.####.
##.#.##.....# ...
##..#.#......# ...
###............# ...#
.....##..#..... ....
....## #.... ..#.


You could see a centaur.

Vanquished Creatures
  3 ogres (D:4)
  Blork the orc (D:4)
  2 crimson imps
  A hound (D:5)
  A jelly (D:5)
  An orc priest (D:5)
  A centaur skeleton (D:4)
  5 orc wizards
  A worker ant (D:4)
  9 adders
  An ooze (D:3)
  2 worms
  4 dart slugs
  2 leopard geckos
  15 orcs
  4 ball pythons
  3 giant cockroaches
  4 goblins
  7 hobgoblins
  8 jackals
  A quokka (D:2)
  8 bats
  7 frilled lizards
  3 kobolds
  6 rats
100 creatures vanquished.

Vanquished Creatures (others)
  An orc wizard (D:4)
  A leopard gecko (D:1)
  A rat (D:1)
3 creatures vanquished.

Grand Total: 103 creatures vanquished

Notes
Turn   | Place    | Note
-------+----------+-------------------------------------------
     0 | D:1      | Inarius the Draconian Venom Mage began the quest for the Orb.
     0 | D:1      | Reached XP level 1. HP: 14/14 MP: 3/3
   304 | D:1      | Reached XP level 2. HP: 20/20 MP: 0/5
   316 | D:1      | Learned a level 2 spell: Poisonous Vapours
   975 | D:2      | Reached XP level 3. HP: 26/26 MP: 1/6
  2113 | D:3      | Reached XP level 4. HP: 26/33 MP: 1/7
  2273 | D:3      | Learned a level 4 spell: Olgreb's Toxic Radiance
  2642 | D:3      | Reached skill level 1 in Air Magic
  2746 | D:3      | Reached skill level 4 in Poison Magic
  3058 | D:3      | Reached XP level 5. HP: 36/38 MP: 6/9
  3245 | D:4      | Noticed an ogre
  3263 | D:4      | Killed an ogre
  3422 | D:4      | Reached XP level 6. HP: 41/46 MP: 1/10
  3783 | D:4      | Noticed Blork the orc
  3796 | D:4      | Killed Blork the orc
  3796 | D:4      | Reached skill level 5 in Poison Magic
  4021 | D:4      | Your scales start taking on a rich purple colour.
  4021 | D:4      | Reached XP level 7. HP: 51/51 MP: 11/13
  4095 | D:4      | Learned a level 5 spell: Venom Bolt
  4298 | D:4      | Found a white marble altar of Elyvilon.
  4299 | D:4      | Found a glowing golden altar of the Shining One.
  4617 | D:5      | Entered Level 5 of the Dungeon
  4728 | D:5      | Learned a level 3 spell: Mephitic Cloud
  4910 | D:5      | Reached skill level 6 in Poison Magic
  5269 | D:5      | Shot with an arrow by a centaur

Skill      XL: |  1  2  3  4  5  6  7 |
---------------+----------------------+-----
Dodging        | 2 |  2.9
Conjurations   | 2 3 |  3.4
Air Magic      | 1 2 3 |  3.3
Poison Magic   | 4 5 6 |  6.1
Spellcasting   | 3 4 |  4.9
Fighting       | |  0.9
Stealth        | |  1.8

Action                   |  1- 3 |  4- 6 |  7- 9 || total
-------------------------+-------+-------+-------++-------
Melee: Unarmed           |    26 |       |       ||    26
       Tailslap          |     4 |     9 |     5 ||    18
       Dagger            |     5 |       |       ||     5
       Short sword       |    13 |    63 |    59 ||   135
       Staff             |       |       |    10 ||    10
 Cast: Sting             |    56 |    27 |    15 ||    98
       Poisonous Vapours |     8 |    31 |    29 ||    68
       Olgreb's Toxic Ra |       |     2 |     1 ||     3
 Abil: Breathe Dispellin |       |       |     4 ||     4
  Use: Scroll            |       |     4 |     4 ||     8
  Eat: Chunk             |     5 |     8 |     4 ||    17
Armor: Skin              |    13 |    19 |    34 ||    66
Dodge: Dodged            |    35 |    41 |    33 ||   109
